 Dungeon Crawl Stone Soup version 0.30-a0-586-g23e55c9e0a (console) character file.

Game seed: 5104917034823865583

676 jejorda2 the Spear-Bearer (level 7, 0/50 (56) HPs)
             Began as a Merfolk Berserker on Jan 3, 2023.
             Was a Priest of Trog.
             Slain by a wight
             ... wielding a +3 dire flail
              (2 damage)
             ... on level 5 of the Dungeon.
             The game lasted 00:06:50 (3748 turns).

jejorda2 the Spear-Bearer (Merfolk Berserker)       Turns: 3748, Time: 00:06:50

HP:   0/50 (56)     AC: 15    Str: 19    XL:     7   Next: 59%
MP:   7/7           EV:  6    Int:  6    God:    Trog [***...]
Gold: 316           SH:  3    Dex: 14    Spells: 6/6 levels left

rFire   . . .      SeeInvis .    b - +0 trident
rCold   . . .      Faith    .    y - +0 buckler
rNeg    . . .      Spirit   .    a - +0 plate armour
rPois   .          Reflect  .    r - +0 helmet
rElec   .          Harm     .    (no cloak)
rCorr   .          Rampage  .    j - +2 pair of gloves
Will    .....                    d - +0 pair of boots Stlth
                                 (no amulet)
HPRegen 0.28/turn                (no ring)
MPRegen 0.10/turn                (no ring)

@: on berserk cooldown, slowed, heavily drained, very slow
A: (nimble swimmer 2), mertail
a: Renounce Religion, Berserk, Trog's Hand


You were on level 5 of the Dungeon.
You worshipped Trog.
Trog was most pleased with you.
You visited 1 branch of the dungeon, and saw 5 of its levels.

You collected 316 gold pieces.

Inventory:

Hand Weapons
 b - a +0 trident (weapon)
Missiles
 i - 56 stones (quivered)
 w - 16 poisoned darts
Armour
 a - a +0 plate armour (worn)
 d - a +0 pair of boots (worn)
 j - a +2 pair of gloves (worn)
 r - a +0 helmet (worn)
 y - a +0 buckler (worn)
Wands
 p - a wand of paralysis (9)
 q - a wand of light (11)
 u - a wand of iceblast (4)
Scrolls
 e - 2 scrolls of identify
 g - 3 scrolls of teleportation
 h - a scroll of summoning {unknown}
 k - a scroll of poison
 t - a scroll of enchant weapon
Potions
 c - 3 potions of mutation
 f - a potion of ambrosia
 l - a potion of brilliance
 m - 2 potions of degeneration
 n - 2 potions of might {unknown}
 o - 2 potions of flight
 s - 2 potions of curing


   Skills:
 + Level 5.5 Fighting
 * Level 8.5 Polearms
 - Level 1.3 Armour
 + Level 5.8 Dodging


You had 6 spell levels left.
You didn't know any spells.
Your spell library was empty.

Dungeon Overview and Level Annotations

Branches:
Dungeon (5/15)
 Temple: D:4-7

Altars:
Hepliaklqana


Innate Abilities, Weirdness & Mutations

((You are very nimble when in or above water. (Stealth+, EV+, Speed+++)))
Your lower body shifts to a powerful aquatic tail in water.


Message History

You hit the hound but do no damage.
The wight hits you with a +3 dire flail!
The wight hits you but does no damage. The hound bites you but does no damage.
You puncture the hound!
The hound is severely wounded.
You block the hound's attack.
The wight hits you from afar with a +0 halberd.
You feel drained.
The wight hits you with a +3 dire flail.
You feel drained.
You puncture the hound!
You kill the hound!
Trog accepts your kill.
You closely miss the wight.
The wight hits you but does no damage. x2
You barely miss the wight. You closely miss the wight.
The wight barely misses you. The wight hits you but does no damage.
You puncture the wight!
The wight is heavily damaged.
You are no longer berserk.
You are exhausted.
You feel yourself slow down. The wight hits you but does no damage.
The wight hits you with a +3 dire flail.
You hit the wight.
The wight is heavily damaged.
The wight barely misses you. The wight hits you but does no damage.
You closely miss the wight.
The wight is heavily damaged.
The wight hits you from afar with a +0 halberd!
You feel drained.
* * * LOW HITPOINT WARNING * * *
The wight hits you with a +3 dire flail.
* * * LOW HITPOINT WARNING * * *
You feel drained.
The wight hits you from afar with a +0 halberd.
* * * LOW HITPOINT WARNING * * *
You feel drained.
* * * LOW HITPOINT WARNING * * *
The wight hits you with a +3 dire flail.
You die...

....... #.......
#....... ######
#....... ......#.
#..z.... ........
+.....z.
......)####.......
...#.)@zz.##
#...####..#
#.#.#####.# ##
#.#.......#..#
#.#.##.....#.##
#....+......>..#
#.####....####..
#.# #....# #.#
#....#


You could see 2 wights.

Vanquished Creatures
  A necrophage (D:4)
  2 scorpions
  3 wights (D:5)
  3 hounds
  An orc priest (D:4)
  An orc wizard (D:4)
  An iguana (D:5)
  Robin (D:3)
  7 adders
  A worm (D:3)
  2 dart slugs
  7 orcs
  3 bats
  4 endoplasms
  3 giant cockroaches (D:4)
  17 goblins
  9 hobgoblins
  4 jackals (D:3)
  8 kobolds
  A quokka (D:3)
  8 ball pythons
  3 frilled lizards
  5 rats
95 creatures vanquished.

Notes
Turn   | Place    | Note
-------+----------+-------------------------------------------
     0 | D:1      | jejorda2 the Merfolk Berserker began the quest for the Orb.
     0 | D:1      | Reached XP level 1. HP: 18/18 MP: 1/1
   268 | D:1      | Reached XP level 2. HP: 24/24 MP: 2/2
   602 | D:2      | Reached XP level 3. HP: 24/29 MP: 3/3
   946 | D:2      | Reached ** piety under Trog
  1122 | D:2      | Reached skill level 5 in Polearms
  1214 | D:3      | Noticed Robin
  1357 | D:3      | Reached XP level 4. HP: 28/37 MP: 4/4
  1706 | D:3      | Noticed a scorpion
  1717 | D:3      | Killed a scorpion
  1718 | D:3      | Reached skill level 6 in Polearms
  1718 | D:3      | Reached XP level 5. HP: 42/42 MP: 5/5
  1979 | D:3      | Killed Robin
  2279 | D:3      | Reached XP level 6. HP: 38/49 MP: 6/6
  2659 | D:4      | Reached skill level 7 in Polearms
  2911 | D:4      | Reached skill level 5 in Dodging
  3315 | D:4      | Found a hazy altar of Hepliaklqana.
  3389 | D:4      | Reached skill level 5 in Fighting
  3389 | D:4      | Reached XP level 7. HP: 45/56 MP: 7/7
  3464 | D:4      | Reached *** piety under Trog
  3669 | D:5      | Entered Level 5 of the Dungeon
  3729 | D:5      | Reached skill level 8 in Polearms
  3748 | D:5      | HP: 2/50 [wight/+0 halberd (1)]
  3748 | D:5      | Slain by a wight

Illustrated notes

Levels and vault maps discovered:
D:1:      lightli_arrival_flooded_house, layout_basic, hangedman_feature_mirror,
          minmay_tetromino_s4
D:2:      layout_loops_ring
D:3:      minmay_chambers_of_twos, layout_basic, grunt_ministairs_1,
          minmay_misc_feat_encased, uniq_robin
D:4:      layout_loops_corners, kennysheep_little_box
D:5:      layout_basic, chequers_temple_overflow_minitemple, moated_statue,
          nicolae_specific_store, kennysheep_dice

Skill      XL: |  1  2  3  4  5  6  7 |
---------------+----------------------+-----
Dodging        | 3 4 5 |  5.8
Polearms       | 5 6 7 8 |  8.5
Fighting       | 4 5 |  5.5
Armour         | |  1.3

Action                   |  1- 3 |  4- 6 |  7- 9 || total
-------------------------+-------+-------+-------++-------
Melee: Spear             |   127 |   207 |       ||   334
       Punch             |     1 |     2 |       ||     3
       Trident           |       |    26 |    32 ||    58
Throw: Stone             |     2 |     3 |       ||     5
Invok: Berserk           |       |     3 |     1 ||     4
       Trog's Hand       |       |     1 |       ||     1
  Use: Scroll            |       |    15 |       ||    15
 Stab: Sleeping          |     1 |       |       ||     1
Armor: Leather armour    |     3 |       |       ||     3
       Chain mail        |    41 |    61 |       ||   102
       Plate armour      |       |     9 |    11 ||    20
Dodge: Dodged            |    34 |    69 |     4 ||   107
Block: Buckler           |       |     4 |     4 ||     8

Table legend: (Time is in decaauts)
 A = Elapsed time spent in this place.
 B = Non-inter-level travel time spent in this place.
 C = Inter-level travel time spent in this place.
 D = Time resting spent in this place.
 E = Time spent auto-exploring this place.
 F = Levels seen in this place.
 G = Mean time per level.
                   A        B        C        D        E       F      G
               +--------+--------+--------+--------+--------+-----+--------+
         Total |   3701 |   3525 |    176 |    222 |   2608 |   5 |  740.2 |
       Dungeon |   3701 |   3525 |    176 |    222 |   2608 |   5 |  740.2 |
               +--------+--------+--------+--------+--------+-----+--------+

Top non-repeatable levels by time:
     D:3: 1204 daAuts
     D:4: 1185 daAuts
     D:2: 673 daAuts
     D:1: 566 daAuts
     D:5: 71 daAuts
